 Dungeon Crawl Stone Soup version 0.18.1-8-gdd0e5ea (webtiles) character file.

107 mindo the Magician (level 4, 0/24 HPs)
             Began as a Deep Elf Ice Elementalist on June 9, 2016.
             Slain by a shadow imp (4 damage)
             ... on level 5 of the Dungeon.
             The game lasted 00:21:13 (2660 turns).

mindo the Magician (Deep Elf Ice Elementalist)      Turns: 2660, Time: 00:21:13

Health: 0/24       AC:  2    Str:  2 (5)  XL:     4   Next: 57%
Magic:  1/12       EV: 13    Int: 18 (21) God:
Gold:   165        SH:  0    Dex: 12 (15) Spells: 4 memorised, 3 levels left

rFire  x . .     SeeInvis .     g - +0 dagger
rCold  + . .     Gourm    .     a - +0 robe
rNeg   . . .     Faith    .     (no shield)
rPois  .         Spirit   .     (no helmet)
rElec  .         Dismiss  .     (no cloak)
rCorr  .         Reflect  .     (no gloves)
SustAt .         Harm     .     (no boots)
MR     .....                    (no amulet)
Stlth  ++........               (no ring)
                                e - ring of ice

@: not resistant to hostile enchantments, unstealthy
A: no striking features
a: no special abilities


You were on level 5 of the Dungeon.
You were not hungry.

You visited 1 branch of the dungeon, and saw 5 of its levels.

You collected 165 gold pieces.

Inventory:

Hand Weapons
 g - a +0 dagger (weapon)
Armour
 a - a +0 robe (worn)
 k - a +1 helmet
 s - a +0 robe
Jewellery
 e - a ring of ice (left hand)
Scrolls
 h - a scroll of random uselessness {unknown}
 j - a scroll of identify {unknown}
 l - a scroll of fog {unknown}
 m - 3 scrolls of remove curse {unknown}
 n - a scroll of immolation {unknown}
 r - a scroll of teleportation {unknown}
Potions
 d - a potion of haste {unknown}
 i - a potion of degeneration
 o - a potion of heal wounds {unknown}
Books
 b - a book of Frost

   Spells                             Type                      Level
   a - Freeze                         Ice                          1
   b - Throw Frost                    Conjuration/Ice              2
   c - Ozocubu's Armour               Charms/Ice                   3
   d - Throw Icicle                   Conjuration/Ice              4
   e - Summon Ice Beast               Ice/Summoning                4
 p - a book of Conjurations

   Spells                             Type                      Level
   a - Magic Dart                     Conjuration                  1
   b - Searing Ray                    Conjuration                  2
   c - Dazzling Spray                 Conjuration/Hexes            3
   d - Fulminant Prism                Conjuration/Hexes            4
   e - Iskenderun's Mystic Blast      Conjuration                  4
   f - Iskenderun's Battlesphere      Conjuration/Charms           5
Comestibles
 c - 2 bread rations
 f - 2 meat rations
 q - a fruit


   Skills:
 + Level 0.1 Fighting
 + Level 3.0 Dodging
 + Level 2.8 Stealth
 + Level 4.6 Spellcasting
 + Level 1.4 Conjurations
 + Level 0.4 Charms
 + Level 4.3 Ice Magic


You had 3 spell levels left.
You knew the following spells:

 Your Spells              Type           Power        Failure   Level  Hunger
a - Freeze                Ice            ####         1%          1    None
b - Throw Frost           Conj/Ice       ###...       8%          2    #......
c - Ozocubu's Armour      Chrm/Ice       ###.....     17%         3    ###....
d - Dazzling Spray        Conj/Hex       #.......     34%         3    ###....


Dungeon Overview and Level Annotations

Branches:
Dungeon (4/15)
 Temple: D:4-7

Altars:
Kikubaaqudgha
Qazlal

Annotations:
D:3 Rationalist's ghost, weakling MiBe


Message History

You hit the shadow imp but do no damage.
The shadow imp is severely wounded.
The shadow imp gestures at you.
You barely resist.
You hit the shadow imp but do no damage.
The shadow imp is severely wounded.
The shadow imp gestures at you. Pain shoots through your body!
It was a potion of cancellation.
Your magical effects are unravelling.
You feel magically purged.
Your icy armour evaporates.
The shadow imp laughs crazily.
The shadow imp hits you.
* * * LOW HITPOINT WARNING * * *
It was a potion of degeneration.
There was something very wrong with that liquid.
You feel weakened.
You feel dopey.
You feel clumsy. The shadow imp hits you.
You die...

#### ...
##.#+#####
........
#######....####.#
5...............#
#...5@# #.#.#.#
#.#.#.# #.#.#.##
#.#....# #.######
#. ##


You could see a shadow imp.

Vanquished Creatures
  A gnoll (D:2)
  3 adders
  An ooze (D:4)
  A worm (D:3)
  A giant gecko (D:4)
  2 orcs
  2 ball pythons (D:3)
  3 giant cockroaches
  7 goblins
  3 hobgoblins
  10 jackals
  2 kobolds
  A quokka (D:2)
  10 bats
  7 giant newts
  4 rats
58 creatures vanquished.

Notes
Turn   | Place    | Note
--------------------------------------------------------------
     0 | D:1      | mindo the Deep Elf Ice Elementalist began the quest for the Orb.
     0 | D:1      | Reached XP level 1. HP: 10/10 MP: 6/6
   224 | D:1      | Reached XP level 2. HP: 8/15 MP: 2/8
   697 | D:1      | Reached XP level 3. HP: 9/19 MP: 1/10
  1628 | D:2      | Learned a level 2 spell: Throw Frost
  1682 | D:2      | Found an ancient bone altar of Kikubaaqudgha.
  1862 | D:3      | Learned a level 3 spell: Ozocubu's Armour
  2003 | D:3      | Reached XP level 4. HP: 24/24 MP: 0/12
  2167 | D:3      | Learned a level 3 spell: Dazzling Spray
  2209 | D:3      | Noticed Rationalist's ghost (weakling MiBe)
  2373 | D:4      | Noticed a water elemental
  2421 | D:4      | Found a stormy altar of Qazlal.
  2635 | D:4      | You fall through a shaft!
  2635 | D:5      | Entered Level 5 of the Dungeon
  2660 | D:5      | Slain by a shadow imp

Skill      XL: |  1  2  3  4 |
---------------+-------------+-----
Ice Magic      | 4 |  4.3
Spellcasting   | 4 |  4.6
Dodging        | 3 |  3.0
Fighting       | |  0.1
Stealth        | |  2.8
Conjurations   | |  1.4
Charms         | |  0.4

Action                   |  1- 3 |  4- 6 || total
-------------------------+-------+-------++-------
Melee: Unarmed           |     1 |       ||     1
       Dagger            |     6 |    30 ||    36
 Cast: Freeze            |    59 |    13 ||    72
       Throw Frost       |    13 |     2 ||    15
       Ozocubu's Armour  |     2 |     2 ||     4
       Dazzling Spray    |       |    10 ||    10
  Use: Potion            |       |     2 ||     2
 Stab: Invisible         |       |     2 ||     2
  Eat: Meat ration       |     1 |       ||     1
       Fruit             |       |     2 ||     2
Armor: Robe              |    16 |    10 ||    26
Dodge: Dodged            |    45 |    52 ||    97
